 Dungeon Crawl Stone Soup version 0.28.0-53-g5a82cb258f (webtiles) character file.

Game seed: 1015105033897047771

191 101zpm the Magician (level 6, -9/42 HPs)
             Began as a Djinni Fire Elementalist on May 23, 2022.
             Mangled by Duvessa
             ... wielding a +0 short sword
              (14 damage)
             ... on level 4 of the Dungeon.
             The game lasted 00:04:36 (5319 turns).

101zpm the Magician (Djinni Fire Elementalist)      Turns: 5319, Time: 00:04:37

Health: -9/42      AC:  2    Str:  7    XL:     6   Next: 1%
Gold:   117        EV: 12    Int: 18    God:
                   SH:  0    Dex: 14

rFire   + + .      SeeInvis .   (no weapon)
rCold   x . .      Faith    .   (no shield)
rNeg    . . .      Spirit   .   a - +0 robe
rPois   ∞          Reflect  .   (no helmet)
rElec   .          Harm     .   (no cloak)
rCorr   .          Rampage  .   (no gloves)
Will    .....                   (boots unavailable)
Stlth   ++........              (no amulet)
HPRegen 0.14/turn               (no ring)
MPRegen 0.00/turn               (no ring)

@: flying
A: sickness immunity, fire resistance 2, cold vulnerability 1, float, innate
caster, HP casting, extra vitality 1
a: no special abilities


You were on level 4 of the Dungeon.
You visited 1 branch of the dungeon, and saw 4 of its levels.

You collected 117 gold pieces.

Inventory:

Armour
 a - a +0 robe (worn)
Potions
 b - a potion of might {unknown}
 c - a potion of invisibility {unknown}
 d - 2 potions of degeneration {unknown}
 e - 2 potions of mutation {unknown}
 f - 6 potions of flight {unknown}
 h - a potion of cancellation {unknown}
 i - a potion of heal wounds {unknown}


   Skills:
 + Level 1.2 Fighting
 + Level 2.4 Dodging
 + Level 2.1 Stealth
 + Level 4.3 Spellcasting


You couldn't memorise any spells.
You knew the following spells:

 Your Spells              Type           Power      Damage    Failure   Level
a - Foxfire               Conj/Fire      76%        2x1d7     2%          1
b - Scorch                Fire           38%        2d7       3%          2
c - Conjure Flame         Conj/Fire      19%        6-21      7%          3
d - Inner Flame           Hex/Fire       19%        N/A       7%          3
e - Flame Wave            Conj/Fire      19%        2d6       24%         4
f - Animate Skeleton      Necr           38%        N/A       2%          1
g - Ensorcelled Hibernat  Hex/Ice        38%        N/A       3%          2
Your spell library was empty.

Dungeon Overview and Level Annotations

Branches:
Dungeon (4/15)
 Temple: D:4-7

Altars:
Gozag
Ru
Trog
Uskayaw

Annotations:
D:2 1 runed translucent door, Crazy Yiuf
D:3 2 transporters, blade888's ghost, amateur DDEE
D:4 Duvessa


Innate Abilities, Weirdness & Mutations

You are immune to sickness and miasma.
You are immune to poison.
Your flesh is very heat resistant. (rF++)
You are vulnerable to cold. (rC-)
You float through the air rather than walking.
You learn spells naturally, not from books.
Your magical power is your life essence.
You have superior vitality. (+4 MHP)


Message History

Press: ? - help, Dir - move target, f - Duvessa
Aim: Duvessa, wielding a +0 short sword and wearing a +0 leather armour (berserk, chance to affect: 58%) Duvessa resists with significant effort.
Casting: Inner Flame (dangerous; 7% risk of failure)
Confirm with . or Enter, or press ? or * to list all spells.
Aiming: Inner Flame (dangerous; 7% risk of failure)
Press: ? - help, Dir - move target, f/p - Duvessa
Aim: Duvessa, wielding a +0 short sword and wearing a +0 leather armour (berserk, chance to affect: 58%) Duvessa resists with significant effort.
Casting: Inner Flame (dangerous; 7% risk of failure)
Confirm with . or Enter, or press ? or * to list all spells.
Aiming: Inner Flame (dangerous; 7% risk of failure)
Press: ? - help, Dir - move target, f/p - Duvessa
Aim: Duvessa, wielding a +0 short sword and wearing a +0 leather armour (berserk, chance to affect: 58%) Duvessa resists with significant effort.
Duvessa rages.
Casting: Inner Flame (dangerous; 7% risk of failure)
Confirm with . or Enter, or press ? or * to list all spells.
You don't know that spell.
Okay, then.
Casting: Inner Flame (dangerous; 7% risk of failure)
Confirm with . or Enter, or press ? or * to list all spells.
Aiming: Inner Flame (dangerous; 7% risk of failure)
Press: ? - help, Dir - move target, f/p - Duvessa
Aim: Duvessa, wielding a +0 short sword and wearing a +0 leather armour (berserk, chance to affect: 58%) Duvessa is filled with an inner flame.
Duvessa hits you with a +0 short sword! Duvessa barely misses you.
You hear the rapid rusting of a very distant drain.
Duvessa misses you.
You are too injured to fight recklessly!
Duvessa closely misses you.
Duvessa rages.
Duvessa barely misses you. Duvessa hits you with a +0 short sword!
* * * LOW HITPOINT WARNING * * *
Duvessa rages.
Duvessa closely misses you.
Duvessa rages.
Duvessa hits you with a +0 short sword!
You die...

#.# #...##.# #.#
#...##.# #.#
#...##.# ####.##
#...##.#
......###...##.#
............##.#
#####.##.....#(###
# #.###......e.# #
#.# ##..)###@# #
#.# ##### #.# #
#.# #.# # #.# #.#
# #.# #.# #.# #.#
#.# #.# #.# #.#
#.# #.#


You could see Duvessa (berserk, inner flame).

Vanquished Creatures
  Dowan (D:4)
  An iguana (D:3)
  3 adders
  A howler monkey skeleton (D:3)
  3 worms
  2 dart slugs (D:2)
  An orc (D:3)
  5 bats
  7 endoplasms
  4 giant cockroaches
  4 goblins
  6 hobgoblins
  4 jackals (D:1)
  2 quokkas
  7 ball pythons
  3 frilled lizards (D:1)
  5 kobolds
  8 rats
67 creatures vanquished.

Vanquished Creatures (others)
  298 foxfires
  A fungus (D:2)
  6 plants (D:3)
305 creatures vanquished.

Grand Total: 372 creatures vanquished

Notes
Turn   | Place    | Note
-------+----------+-------------------------------------------
     0 | D:1      | 101zpm the Djinni Fire Elementalist began the quest for the
                  | Orb.
     0 | D:1      | Reached XP level 1. HP: 15/15 MP: 0/0
   207 | D:1      | Reached XP level 2. HP: 13/21 MP: 0/0
  1189 | D:1      | Reached skill level 3 in Spellcasting
  1189 | D:1      | Reached XP level 3. HP: 22/25 MP: 0/0
  1189 | D:1      | Learned a level 1 spell: Animate Skeleton
  2121 | D:2      | Found a faded altar of an unknown god.
  2122 | D:2      | Noticed a shining eye
  2127 | D:2      | Noticed a floating eye
  2429 | D:2      | Noticed a floating eye
  2434 | D:2      | Noticed an eye of devastation
  2860 | D:2      | Reached XP level 4. HP: 28/31 MP: 0/0
  3403 | D:2      | Found a runed translucent door.
  3404 | D:2      | Noticed Crazy Yiuf
  3529 | D:3      | Found a bloodstained altar of Trog.
  3577 | D:3      | Found a sacrificial altar of Ru.
  3862 | D:3      | Noticed a +0 hand axe
  3863 | D:3      | Noticed a +0 hand axe
  3864 | D:3      | Found a hide-covered altar of Uskayaw.
  4003 | D:3      | Found a transporter.
  4259 | D:3      | Reached skill level 4 in Spellcasting
  4259 | D:3      | Reached XP level 5. HP: 32/35 MP: 0/0
  4259 | D:3      | Learned a level 2 spell: Ensorcelled Hibernation
  4443 | D:3      | Found a transporter.
  4462 | D:3      | Noticed blade888's ghost (amateur DDEE)
  4524 | D:3      | Reached skill level 1 in Fighting
  4754 | D:4      | Noticed Dowan
  4758 | D:4      | Noticed Duvessa
  4761 | D:4      | Killed Dowan
  5138 | D:4      | Found an opulent altar of Gozag.
  5183 | D:4      | Reached XP level 6. HP: 31/42 MP: 0/0
  5319 | D:4      | Mangled by Duvessa

Illustrated notes

Levels and vault maps discovered:
D:1:      lemuel_arrival_river_ford, layout_basic, minmay_pentomino_q4
D:2:      layout_loops_corners, hellmonk_ecumenical_altar_watching_god,
          uniq_crazy_yiuf_cottage
D:3:      layout_basic, bloody_trog, dancing_weapons_uskayaw,
          lemuel_crystal_altar, gammafunk_ghost_gnarly_gnolls
D:4:      minmay_clustersquares, layout_loops_ring, grunt_gozag_breadcrumbs,
          minmay_temple_entry_crystal_x, gup_sewer_entry_spiral, uniq_robin,
          uniq_ijyb, uniq_blork_the_orc, uniq_pikel, uniq_duvessa

Skill      XL: |  1  2  3  4  5 |
---------------+----------------+-----
Spellcasting   | 3 4 |  4.3
Fighting       | 1 |  1.2
Stealth        | 2 |  2.1
Dodging        | |  2.4

Action                   |  1- 3 |  4- 6 || total
-------------------------+-------+-------++-------
Melee: Unarmed           |       |     8 ||     8
 Cast: Foxfire           |   106 |    91 ||   197
       Scorch            |    13 |    13 ||    26
       Animate Skeleton  |     2 |       ||     2
       Inner Flame       |       |     6 ||     6
  Use: Scroll            |       |     1 ||     1
Armor: Robe              |     2 |     1 ||     3
Dodge: Dodged            |     4 |     8 ||    12
